 Dungeon Crawl Stone Soup version 0.20-a0-924-gfa95efa (webtiles) character file.

376752 Hook the Slayer (level 22, -2/220 HPs)
             Began as a Minotaur Berserker on Mar 26, 2017.
             Was a High Priest of Trog.
             Slain by a death ooze (21 damage)
             ... created by the Royal Jelly
             ... on level 5 of the Pits of Slime on Mar 27, 2017.
             The game lasted 03:12:38 (45103 turns).

Hook the Slayer (Minotaur Berserker)               Turns: 45103, Time: 03:12:40

Health: -2/220     AC: 18    Str: 35    XL:     22   Next: 10%
Magic:  0/21       EV: 28    Int: 11    God:    Trog [*****.]
Gold:   2554       SH: 18    Dex: 18    Spells: 21/21 levels left

rFire    + + .     SeeInvis +   A - +9 double sword (venom)
rCold    + + .     Gourm    .   P - +1 shield {rF+}
rNeg     . . .     Faith    .   T - +3 ice dragon scales of Quantum Leap {*Slow rF- rC++ rCorr Str+7}
rPois    .         Spirit   +   (helmet restricted)
rElec    +         Reflect  .   l - +2 cloak
rCorr    +         Harm     .   E - +0 pair of gloves "Zyjiuph" {*Drain Int+7 Dex+4 Slay+2 SInv}
MR       ++...     Rnd*Tele +   a - +2 pair of boots
Stlth    ..........             X - amulet of guardian spirit
Regen    1.0/turn               x - ring "Inocuf" {rCorr rElec}
MPRegen  0.2/turn               D - ring of Butchery {+Blink MR- EV+4 Dex+2}

@: exhausted, corroded, recuperating, badly diseased, slowed, very slow
A: retaliatory headbutt, horns 2, slimy green scales 1, thin metallic scales 1,
blurry vision 2, deformed body, fire resistance 2, teleportitis 3, weak 1
}: 1/15 runes: gossamer
a: Berserk, Trog's Hand, Brothers in Arms, Burn Spellbooks, Renounce Religion,
Evoke Blink


You were on level 5 of the Pits of Slime.
You worshipped Trog.
Trog was extremely pleased with you.
You were not hungry.

You visited 7 branches of the dungeon, and saw 39 of its levels.
You visited Pandemonium 1 time, and saw 2 of its levels.
You visited the Abyss 1 time.
You visited 1 bazaar.

You collected 4191 gold pieces.
You spent 1637 gold pieces at shops.

Inventory:

Hand Weapons
 w - a +4 triple sword of protection
 A - a +9 double sword of venom (weapon)
Missiles
 U - a javelin of penetration (quivered)
Armour
 a - a +2 pair of boots (worn)
 l - a +2 cloak (worn)
 z - a +2 hat of see invisible
 E - the +0 pair of gloves "Zyjiuph" (worn) {*Drain Int+7 Dex+4 Slay+2 SInv}
   (You found it on level 12 of the Dungeon)

   It affects your intelligence (+7).
   It affects your dexterity (+4).
   It affects your accuracy and damage with ranged weapons and melee attacks
   (+2).
   It lets you see invisible.
   It causes draining when unequipped.
 P - a +1 shield of fire resistance (worn)
 T - the +3 ice dragon scales of Quantum Leap (worn) {*Slow rF- rC++ rCorr Str+7}
   (You bought it in a shop in a bazaar)

   It affects your strength (+7).
   It makes you vulnerable to fire.
   It greatly protects you from cold.
   It protects you from acid and corrosion.
   It may slow you when you take damage.
Jewellery
 x - the ring "Inocuf" (left hand) {rCorr rElec}
   (You took it off a wight on level 6 of the Dungeon)

   [ring of resist corrosion]

   It insulates you from electricity.
 C - an uncursed ring of fire
 D - the ring of Butchery (right hand) {+Blink MR- EV+4 Dex+2}
   (You found it on level 4 of the Dungeon)

   [ring of evasion]

   It affects your evasion (+4).
   It affects your dexterity (+2).
   It affects your resistance to hostile enchantments.
   It lets you blink.
 G - a +5 ring of intelligence {unknown}
 X - an amulet of guardian spirit (around neck)
 Y - the ring "Zudit" {+Fly rElec Int+3 Dex-5}
   (You found it on level 1 of the Depths)

   [ring of flight]

   It affects your intelligence (+3).
   It affects your dexterity (-5).
   It insulates you from electricity.
   It lets you fly.
Wands
 c - a wand of flame (20/48)
 p - a wand of random effects (30/48)
 B - a wand of digging (9/24)
 F - a wand of confusion (24/48)
 K - a wand of lightning (5/15)
 N - a wand of digging (13/24)
 W - a wand of flame (14/48)
 Z - a wand of clouds (4/9)
Scrolls
 f - 5 scrolls of magic mapping
 i - 14 scrolls of teleportation
 o - 13 scrolls of fear
 J - 5 scrolls of identify
 L - a scroll of recharging
 M - 16 scrolls of remove curse
 O - 7 scrolls of blinking
 R - 2 scrolls of fog
Potions
 b - 2 potions of ambrosia
 g - 7 potions of haste
 h - 3 potions of might
 j - 10 potions of lignification
 n - 17 potions of curing
 q - a potion of magic
 r - 5 potions of mutation
 t - 11 potions of flight
 u - 5 potions of brilliance
 v - a potion of cancellation
 H - 2 potions of berserk rage
 I - 3 potions of heal wounds
 V - a potion of invisibility
Miscellaneous
 y - a sack of spiders
Comestibles
 m - 10 royal jellies
 Q - 21 fruits
 S - 4 bread rations


   Skills:
 * Level 23.5 Fighting
 * Level 20.2 Long Blades
   Level 3.4 Crossbows
 + Level 21.6 Armour
 * Level 17.1 Dodging
 - Level 18.2 Shields


You had 21 spell levels left.
You didn't know any spells.

Dungeon Overview and Level Annotations

Branches:
Dungeon (15/15)            Temple (0/1) D:4            Lair (6/6) D:11
 Shoals (0/4) Lair:2       Spider (4/4) Lair:3        Slime (5/5) Lair:6
    Orc (2/2) D:9             Elf (2/3) Orc:2        Vaults (0/5) D:14
 Depths (5/5) D:15            Zot (0/5) Depths:5

Altars:
Fedhas
Vehumet
Xom
Yredelemnul

Shops:
D:4 *   D:12 (   Orc:2 :*}}

Portals:
Hell: Depths:1 Depths:2 Depths:3 Depths:5
Abyss: Depths:1 Depths:4 Depths:5
Pandemonium: Depths:1 Depths:3
Ziggurat: Depths:4

Annotations:
Elf:2 seren's ghost, adept DrTm


Innate Abilities, Weirdness & Mutations

You reflexively headbutt those who attack you in melee.
You have a pair of horns on your head.
You are partially covered in slimy green scales. (AC +2)
You are partially covered in thin metallic scales. (AC +2)
Scrolls take you longer to read.
Armour fits poorly on your strangely shaped body.
Your flesh is very heat resistant. (rF++)
You are often teleported next to monsters.
You are weak. (Str -2)


Message History

You furiously retaliate!
You headbutt the death ooze!
You riposte.
You barely miss the death ooze. You headbutt the death ooze.
The death ooze is moderately damaged.
The death ooze hits you!
* * * LOW HITPOINT WARNING * * *
You block the azure jelly's attack. The azure jelly completely misses you.
You block the azure jelly's attack. x2; The death ooze closely misses you.
You furiously retaliate!
You headbutt the death ooze, but do no damage.
You riposte.
You slash the death ooze! You headbutt the death ooze.
The death ooze is moderately damaged.
You block the death ooze's attack.
Okay, then.
You feel much better. The azure jelly completely misses you.
You riposte.
You slash the azure jelly! You headbutt the azure jelly!
The azure jelly is almost dead.
You block the azure jelly's attack. The azure jelly misses you.
You block the azure jelly's attack. You block the death ooze's attack.
The death ooze hits you!!
You die...

...... #........ #
#........ #.
###......... #..
####............
....##...............
........J<...........
#.......J............
#.....@JJJ..........
#......JJJ...........
......JJJJJ.).......#
#........JJ........#
..................##
..................#
...................#
..................##
...................


You could see 2 acid blobs, 5 azure jellies, a very large slime creature, 2
slime creatures and 5 death oozes.

Vanquished Creatures
  the Royal Jelly (Slime:5)
  A pandemonium lord (Pan)
  Frederick (Depths:4)
  A golden dragon (Depths:4)
  the Enchantress (Depths:3)
  A Brimstone Fiend (Pan)
  A bone dragon (Depths:5)
  A Tzitzimitl (Pan)
  Jorgrun (Depths:3)
  A tentacled monstrosity (Depths:5)
  3 liches
  18 acid blobs
  6 Executioners (Pan)
  4 sphinxes
  2 tentacled starspawn
  Frances (Elf:1)
  2 thorn hunters (Depths:3)
  Kirke (Lair:4)
  The ghost of Felix the Fighter, an adept CeHu of Okawaru (Spider:1)
  A storm dragon (shapeshifter) (Depths:3)
  A draconian monk (Depths:5)
  6 azure jellies
  3 storm dragons (Depths:5)
  A deep elf sorcerer (Elf:1)
  3 fire giants
  4 frost giants
  A warmonger (Pan)
  A balrug (Pan)
  3 ghost moths
  An iron dragon (Depths:2)
  5 emperor scorpions (Spider:4)
  The ghost of eleusis2 the Tainter, a journeyman NaVM of Cheibriados (Elf:1)
  3 spriggan defenders
  9 stone giants
  A reaper (Pan)
  A draconian annihilator (Depths:4)
  3 blood saints (Pan)
  10 very ugly things
  2 vampire knights
  3 entropy weavers
  Nessos (D:12)
  A green draconian (Depths:5)
  5 deep elf annihilators (Depths:4)
  2 lorocyprocas (Pan)
  A black draconian (Depths:5)
  A black sun (Pan)
  2 purple draconians (Depths:5)
  A dire elephant (Lair:5)
  Azrael (D:12)
  8 ettins
  3 green deaths (Pan)
  7 statues (Depths:4)
  10 spark wasps
  A dire elephant (shapeshifter) (Depths:2)
  6 death oozes
  The ghost of Wendigo the Transmogrifier, a journeyman DrTm of Wu Jian (Lair:1)
  A blizzard demon (Pan)
  A quicksilver dragon zombie (Depths:1)
  6 great orbs of eyes
  6 fire dragons
  9 hydras
  A yaktaur captain (Depths:3)
  4 ice dragons
  The ghost of Malvoorn the Cleaver, a journeyman DsAK of Lugonu (D:10)
  A rakshasa (Depths:1)
  Erolcha (D:11)
  4 monstrous demonspawn (Pan)
  7 spriggan air magi
  3 centaur warriors
  A catoblepas (D:13)
  Erica (D:8)
  4 ogre magi
  9 dancing weapons (Elf:1)
  2 deep troll earth magi (Depths:4)
  9 two-headed ogres
  7 deep troll shamans
  A queen ant (Lair:4)
  2 orc high priests (Orc:2)
  A vampire mage (D:15)
  A satyr (Depths:3)
  11 soul eaters (Pan)
  3 tengu warriors
  11 death yaks
  7 spriggan berserkers
  10 sun demons (Pan)
  Nergalle (Lair:1)
  3 thrashing horrors
  Sonja (D:12)
  3 iron trolls
  3 deep elf knights
  A skeletal warrior (D:15)
  A wretched star (Abyss:1)
  4 sixfirhies (Pan)
  10 deep trolls
  4 starcursed masses
  A glowing orange brain (Depths:5)
  A flayed ghost (Depths:5)
  2 wizards (Depths:4)
  A deep troll (shapeshifter) (D:14)
  20 large abominations
  2 infernal demonspawn (Pan)
  3 torturous demonspawn (Pan)
  5 deep elf archers
  2 unseen horrors
  2 gelid demonspawn (Pan)
  5 necromancers
  3 orc knights
  A harpy (shapeshifter) (D:13)
  7 orc sorcerers
  14 orb spiders
  2 shining eyes
  2 wolf spider zombies
  36 deep elf magi
  23 wolf spiders
  A stone giant zombie (Depths:2)
  5 fauns (Depths:3)
  2 cyclopes
  3 manticores
  22 elephants
  A centaur zombie (D:15)
  30 ugly things
  2 rust devils
  A stone giant skeleton (Depths:2)
  3 orange demons (Pan)
  2 water nymphs (Depths:3)
  2 moths of wrath
  An elf zombie (Depths:2)
  A water nymph (shapeshifter) (Depths:1)
  3 black mambas
  An apocalypse crab (Abyss:2)
  A black mamba (shapeshifter) (Depths:1)
  3 eyes of devastation
  24 spiny frogs
  A torpor snail (Spider:1)
  16 smoke demons (Pan)
  2 centaur skeletons
  4 spectral swamp worms (Depths:5)
  6 hellions (Pan)
  9 yaktaurs (Depths:1)
  4 tormentors (Pan)
  4 komodo dragons
  A yaktaur zombie (D:15)
  23 demonic crawlers
  A yaktaur skeleton (D:15)
  3 ancient zymes
  2 spriggan skeletons
  5 hellwings (Pan)
  The ghost of Soeti the Covered, an amateur DDFi (D:4)
  7 tengu conjurers
  4 tyrant leeches (Lair:6)
  A red devil (Pan)
  22 jumping spiders
  7 trolls
  A hornet (shapeshifter) (Depths:2)
  A queen bee (shapeshifter) (Elf:1)
  84 slime creatures
  A polar bear (Lair:4)
  10 hornets
  14 blink frogs
  6 hippogriffs
  3 shadows
  48 redbacks
  2 spriggans (Depths:5)
  6 flying skulls (Abyss:2)
  2 ynoxinuls
  Eustachio (D:6)
  23 tarantellas
  2 vampires
  8 air elementals
  35 yaks
  3 basilisks
  A fire elemental (D:12)
  A wraith (D:10)
  A human (D:11)
  A wyvern (D:13)
  3 hogs (Lair:4)
  5 golden eyes (Slime:4)
  10 vampire mosquitoes
  5 hungry ghosts
  2 chaos spawn (Pan)
  4 neqoxecs
  A steam dragon (D:11)
  7 swamp worms (Spider:1)
  5 wargs
  6 soldier ants
  6 hell hounds (D:12)
  8 water moccasins
  9 porcupines
  7 ice beasts
  A swamp drake (D:9)
  14 orc warriors
  3 sky beasts
  An ettin simulacrum (Depths:2)
  4 black bears
  13 boggarts
  5 eyes of draining
  5 phantoms
  19 wolves
  19 ogres
  12 centaurs
  14 crocodiles
  2 small abominations
  5 big kobolds
  An earth elemental (Elf:1)
  23 bullfrogs
  A gnoll sergeant (D:6)
  A tengu zombie (Depths:2)
  A scorpion (D:6)
  14 wights
  3 electric eels
  7 crimson imps
  2 quasits (Abyss:1)
  7 hounds
  20 orc priests
  3 bullfrog zombies
  5 jellies
  A bullfrog skeleton (D:10)
  An iron imp (Abyss:1)
  25 orc wizards
  11 hell rats (Lair:2)
  5 iguanas
  18 worker ants
  A hound zombie (D:9)
  A worker ant zombie (D:5)
  17 adders
  3 gnolls (D:6)
  18 river rats
  5 shadow imps
  A white imp (Depths:4)
  An ufetubus (Abyss:2)
  An ooze (D:1)
  3 adder skeletons
  13 worms
  7 leopard geckos
  53 orcs
  3 ball pythons
  6 giant cockroaches
  3 goblins
  6 hobgoblins
  29 jackals
  12 quokkas
  9 bats
  4 frilled lizards
  20 kobolds
  A quokka skeleton (D:6)
  2 quokka zombies
  28 rats
  4 briar patches (Depths:3)
  3 fire vortices (Depths:4)
  3 fungi
  11 plants
1547 creatures vanquished.

Vanquished Creatures (collateral kills)
  A pandemonium lord (Pan)
  An Ice Fiend (Pan)
  An acid blob (Slime:5)
  A fire giant (Depths:4)
  An azure jelly (Slime:5)
  An emperor scorpion (Spider:4)
  A draconian stormcaller (Depths:5)
  3 very ugly things
  An entropy weaver (Lair:4)
  2 death oozes (Slime:5)
  Harold (D:11)
  Fannar (D:10)
  4 two-headed ogres
  2 satyrs (Depths:3)
  An ogre mage (Depths:1)
  A deep troll earth mage (Depths:2)
  2 deep troll shamans
  An orc high priest (Orc:2)
  2 iron trolls
  An infernal demonspawn (Pan)
  6 deep trolls
  2 orc knights (Orc:2)
  An orb spider (Spider:4)
  4 wolf spiders
  2 shining eyes (Slime:4)
  2 orc sorcerers (Orc:2)
  2 ugly things (Depths:2)
  A stone giant zombie (D:15)
  A cyclops (D:10)
  2 eyes of devastation
  A moth of wrath (Spider:4)
  A stone giant skeleton (Depths:1)
  A smoke demon (Pan)
  Psyche (D:10)
  A spectral swamp worm (Depths:5)
  4 yaktaurs (Depths:1)
  A komodo dragon (Lair:6)
  A demonic crawler (Spider:4)
  A guardian mummy (D:15)
  3 jumping spiders (Spider:4)
  9 slime creatures
  A tyrant leech (Lair:6)
  5 blink frogs (Lair:6)
  3 hornets (Spider:4)
  A deep troll zombie (D:15)
  A redback (Spider:4)
  4 tarantellas
  2 yaks (D:10)
  Grum (D:10)
  A porcupine (D:11)
  A water moccasin (Lair:6)
  2 orc warriors (Orc:2)
  An ogre (Depths:2)
  3 wolves (D:10)
  2 bullfrogs
  An orc wizard (Orc:2)
  An iguana (D:10)
  A plant (Depths:3)
107 creatures vanquished.

Vanquished Creatures (others)
  2 deep elf magi (Elf:1)
  A komodo dragon (Lair:6)
  A human (Lair:4)
  A porcupine (Lair:4)
  An orc warrior (D:9)
  2 boggarts (Depths:3)
  2 bushes (Lair:6)
  A fire vortex (Depths:4)
  66 fungi
  A lurking horror (Abyss:2)
  27 plants
  2 starspawn tentacles (Abyss:1)
  2 withered plants (D:15)
109 creatures vanquished.

Grand Total: 1763 creatures vanquished

Notes
Turn   | Place    | Note
-------+----------+-------------------------------------------
     0 | D:1      | Hook the Minotaur Berserker began the quest for the Orb.
     0 | D:1      | Reached XP level 1. HP: 19/19 MP: 0/0
   309 | D:1      | Reached XP level 2. HP: 27/27 MP: 1/1
   489 | D:1      | Reached skill level 4 in Fighting
   629 | D:2      | Reached XP level 3. HP: 19/33 MP: 2/2
  1209 | D:2      | Reached XP level 4. HP: 38/41 MP: 3/3
  1472 | D:3      | Reached ** piety under Trog
  2053 | D:3      | Reached skill level 5 in Fighting
  2258 | D:4      | Reached XP level 5. HP: 46/48 MP: 4/4
  2474 | D:4      | Reached *** piety under Trog
  2585 | D:4      | Reached XP level 6. HP: 52/57 MP: 5/5
  2624 | D:4      | Reached skill level 5 in Armour
  2644 | D:4      | Got a scintillating brass ring
  2983 | D:4      | Found Loocito's Assorted Antiques.
  3027 | D:4      | Noticed Soeti's ghost (amateur DDFi)
  3041 | D:4      | Killed Soeti's ghost
  3041 | D:4      | Reached skill level 6 in Fighting
  3041 | D:4      | Reached skill level 5 in Long Blades
  3041 | D:4      | Reached XP level 7. HP: 64/64 MP: 6/6
  3335 | D:4      | Found a staircase to the Ecumenical Temple.
  3645 | D:5      | Entered Level 5 of the Dungeon
  3774 | D:5      | Reached skill level 7 in Fighting
  4088 | D:5      | Reached skill level 1 in Shields
  4460 | D:5      | Reached XP level 8. HP: 45/73 MP: 7/7
  4723 | D:6      | Noticed Eustachio
  4732 | D:6      | Killed Eustachio
  4732 | D:6      | Reached skill level 8 in Fighting
  4789 | D:6      | Found a radiant altar of Vehumet.
  5080 | D:6      | Got a faintly glowing wooden ring
  5846 | D:7      | Reached skill level 9 in Fighting
  5884 | D:7      | Reached XP level 9. HP: 30/83 MP: 8/8
  5887 | D:7      | Reached **** piety under Trog
  6847 | D:7      | Reached skill level 10 in Fighting
  6922 | D:8      | Noticed a two-headed ogre
  6932 | D:8      | Killed a two-headed ogre
  6932 | D:8      | Reached skill level 5 in Shields
  7291 | D:8      | Noticed Erica
  7301 | D:8      | Killed Erica
  7301 | D:8      | Reached skill level 10 in Armour
  7301 | D:8      | Reached XP level 10. HP: 94/94 MP: 9/9
  7315 | D:8      | Identified the ring "Inocuf" {rCorr rElec} (You took it off a wight on level 6 of the Dungeon)
  7318 | D:8      | Identified the ring of Butchery {+Blink MR- EV+4 Dex+2} (You found it on level 4 of the Dungeon)
  7391 | D:8      | Reached skill level 11 in Fighting
  7624 | D:8      | Gained mutation: Your magical capacity is low. (-10% MP) [potion of mutation]
  7624 | D:8      | Gained mutation: You are partially covered in iridescent scales. (AC +2) [potion of mutation]
  8072 | D:9      | Reached ***** piety under Trog
  8345 | D:9      | Found a basalt altar of Yredelemnul.
  8469 | D:9      | Reached skill level 12 in Fighting
  8632 | D:9      | Found a staircase to the Orcish Mines.
  8712 | D:10     | Entered Level 10 of the Dungeon
  8730 | D:10     | Noticed a cyclops
  8731 | D:10     | Noticed Psyche
  8732 | D:10     | Noticed Grum
  8742 | D:10     | Paralysed by Psyche for 5 turns
  8748 | D:10     | Killed Psyche
  8750 | D:10     | Killed Grum
  8752 | D:10     | Killed a cyclops
  8767 | D:10     | Reached XP level 11. HP: 80/105 MP: 8/8
  9080 | D:10     | Found a blossoming altar of Fedhas.
  9122 | D:10     | Noticed Malvoorn's ghost (journeyman DsAK)
  9141 | D:10     | Killed Malvoorn's ghost
  9373 | D:10     | Got a jewelled chain mail
  9418 | D:10     | Noticed Fannar
  9425 | D:10     | Killed Fannar
  9633 | D:10     | Reached skill level 10 in Long Blades
  9808 | D:11     | Noticed Erolcha
  9842 | D:11     | Killed Erolcha
  9842 | D:11     | Reached skill level 13 in Fighting
  9846 | D:11     | Noticed Harold
  9866 | D:11     | Killed Harold
  9886 | D:11     | Found a staircase to the Lair.
  9973 | D:11     | Received a gift from Trog
 10017 | D:11     | Identified the +6 chain mail "Jiroop" {rElec Dex+5} (You found it on level 10 of the Dungeon)
 10259 | D:11     | Killed an unseen horror
 10330 | Lair:1   | Entered Level 1 of the Lair of Beasts
 10479 | Lair:1   | Noticed Nergalle
 10489 | Lair:1   | Killed Nergalle
 10489 | Lair:1   | Reached skill level 10 in Shields
 10542 | Lair:1   | Noticed an eight-headed hydra
 10553 | Lair:1   | Killed a three-headed hydra
 10553 | Lair:1   | Reached XP level 12. HP: 77/116 MP: 9/9
 10725 | Lair:1   | Noticed Wendigo's ghost (journeyman DrTm)
 10740 | Lair:1   | Killed Wendigo's ghost
 11736 | Lair:2   | Reached skill level 14 in Fighting
 11977 | Lair:2   | Found a staircase to the Shoals.
 12344 | Lair:3   | Found a hole to the Spider Nest.
 12525 | Lair:3   | Noticed a seven-headed hydra
 12530 | Lair:3   | Killed a three-headed hydra
 12778 | Lair:3   | Noticed a seven-headed hydra
 12790 | Lair:3   | Killed a three-headed hydra
 13147 | Lair:4   | Noticed Kirke
 13173 | Lair:4   | Killed Kirke
 13381 | Lair:4   | Noticed an entropy weaver
 13382 | Lair:4   | Received a gift from Trog
 13387 | Lair:4   | Killed an entropy weaver
 13399 | Lair:4   | Noticed an entropy weaver
 13402 | Lair:4   | Killed an entropy weaver
 13402 | Lair:4   | Reached XP level 13. HP: 125/125 MP: 10/10
 13520 | Lair:4   | Reached skill level 15 in Fighting
 14942 | Lair:5   | Noticed a dire elephant
 14955 | Lair:5   | Killed a dire elephant
 15244 | Lair:5   | Reached skill level 16 in Fighting
 15440 | Lair:6   | Entered Level 6 of the Lair of Beasts
 15459 | Lair:6   | Found a staircase to the Slime Pits.
 15644 | Lair:6   | Received a gift from Trog
 15644 | Lair:6   | Reached XP level 14. HP: 129/137 MP: 11/11
 17511 | Lair:6   | Reached skill level 15 in Long Blades
 18075 | Slime:1  | Entered Level 1 of the Pits of Slime
 18081 | Slime:2  | Noticed an acid blob
 18092 | Slime:2  | Killed an acid blob
 18092 | Slime:2  | Reached skill level 17 in Fighting
 18265 | Slime:1  | Reached skill level 5 in Dodging
 18501 | Slime:1  | Received a gift from Trog
 18518 | Slime:1  | Paralysed by a great orb of eyes for 3 turns
 18537 | Slime:1  | Noticed an acid blob
 18539 | Slime:1  | Noticed an acid blob
 18549 | Slime:1  | Killed an acid blob
 18561 | Slime:1  | Killed an acid blob
 18577 | Slime:1  | Reached XP level 15. HP: 37/146 MP: 4/12
 18969 | Slime:1  | Noticed an acid blob
 18981 | Slime:1  | Killed an acid blob
 19286 | Lair:1   | You fall through a shaft!
 19418 | Orc:1    | Entered Level 1 of the Orcish Mines
 19539 | Orc:1    | Paralysed by an orc sorcerer for 6 turns
 19868 | Orc:2    | Entered Level 2 of the Orcish Mines
 19991 | Orc:2    | Found a staircase to the Elven Halls.
 20140 | Orc:2    | Found Jacanoor's Gadget Shoppe.
 20624 | Orc:2    | Received a gift from Trog
 20786 | Orc:2    | Found Quklu's Book Boutique.
 20788 | Orc:2    | Found Oxtudgh's General Store.
 20794 | Orc:2    | Found Myxuebbe's Gadget Shoppe.
 20857 | Orc:2    | Reached skill level 15 in Armour
 21015 | Elf:1    | Entered Level 1 of the Elven Halls
 21105 | Elf:1    | Noticed eleusis2's ghost (journeyman NaVM)
 21147 | Elf:1    | Killed eleusis2's ghost
 21173 | Elf:1    | HP: 7/147 [poisoned by eleusis2's ghost (toxic radiance)]
 21178 | Elf:1    | HP: 6/147 [poisoned by eleusis2's ghost (toxic radiance)]
 21183 | Elf:1    | HP: 6/147 [poisoned by eleusis2's ghost (toxic radiance)]
 21190 | Elf:1    | HP: 6/147 [poisoned by eleusis2's ghost (toxic radiance)]
 21196 | Elf:1    | Noticed a deep elf sorcerer
 21198 | Elf:1    | HP: 7/147 [poisoned by eleusis2's ghost (toxic radiance)]
 21206 | Elf:1    | Killed a deep elf sorcerer
 21206 | Elf:1    | Reached skill level 1 in Crossbows
 21528 | Elf:1    | Identified the Catalogue of Calling
 21723 | Elf:1    | Reached skill level 18 in Fighting
 21998 | Elf:1    | Received a gift from Trog
 22120 | Elf:1    | Noticed Frances
 22129 | Elf:1    | Killed Frances
 22376 | Elf:2    | Noticed seren's ghost (adept DrTm)
 22692 | Elf:1    | Reached XP level 16. HP: 119/157 MP: 13/13
 23287 | D:12     | Noticed Nessos
 23309 | D:12     | Killed Nessos
 23343 | D:12     | Noticed Azrael
 23343 | D:12     | Noticed Sonja
 23372 | D:12     | Killed Sonja
 23372 | D:12     | Reached skill level 15 in Shields
 23527 | D:12     | Lost mutation: Your magical capacity is low. (-10% MP) [potion of mutation]
 23527 | D:12     | Lost mutation: You are partially covered in iridescent scales. (AC +2) [potion of mutation]
 23527 | D:12     | Gained mutation: You can translocate small distances at will. [potion of mutation]
 23527 | D:12     | Gained mutation: Scrolls take you a little longer to read. [potion of mutation]
 23527 | D:12     | Gained mutation: Your flesh is heat resistant. (rF+) [potion of mutation]
 23527 | D:12     | Gained mutation: Your flesh is very heat resistant. (rF++) [potion of mutation]
 23623 | D:12     | Killed Azrael
 23710 | D:12     | Got a pair of polished gloves
 23713 | D:12     | Identified the +0 pair of gloves "Zyjiuph" {*Drain Int+7 Dex+4 Slay+2 SInv} (You found it on level 12 of the Dungeon)
 23783 | D:12     | Found Cigilale's Weapon Boutique.
 23947 | D:12     | Found a shimmering altar of Xom.
 23947 | D:12     | Found a shimmering altar of Xom.
 23950 | D:12     | Found a shimmering altar of Xom.
 23950 | D:12     | Found a shimmering altar of Xom.
 23951 | D:12     | Found a shimmering altar of Xom.
 24255 | D:13     | Received a gift from Trog
 24549 | D:13     | Received a gift from Trog
 25608 | D:14     | Found a gate to the Vaults.
 25844 | D:15     | Entered Level 15 of the Dungeon
 25875 | D:15     | Found a staircase to the Depths.
 25887 | D:15     | Reached skill level 10 in Dodging
 25950 | Depths:1 | Entered Level 1 of the Depths
 25994 | Depths:1 | Reached ****** piety under Trog
 26368 | Depths:1 | Got a steaming iron ring
 26405 | Depths:1 | Identified the ring "Zudit" {+Fly rElec Int+3 Dex-5} (You found it on level 1 of the Depths)
 26420 | Depths:1 | Found a one-way gate to the infinite horrors of the Abyss.
 26443 | Depths:1 | Reached skill level 19 in Fighting
 26489 | Depths:1 | Found a one-way gate leading to the halls of Pandemonium.
 26500 | Depths:1 | Reached XP level 17. HP: 168/168 MP: 16/16
 26519 | Depths:1 | Found a gateway to Hell.
 26633 | Depths:1 | Found a gateway to a bazaar.
 26651 | Bazaar   | Entered a bazaar
 26651 | Bazaar   | Found Himousse's Food Shoppe.
 26651 | Bazaar   | Found Relomp's Armour Shop.
 26658 | Bazaar   | Bought the +3 ice dragon scales of Quantum Leap {*Slow rF- rC++ rCorr Str+7} for 1547 gold pieces
 26681 | Bazaar   | Bought a meat ration for 45 gold pieces
 26681 | Bazaar   | Bought a meat ration for 45 gold pieces
 26698 | Bazaar   | Found Laitara's Distillery.
 26711 | Bazaar   | Found Wirad's Food Shoppe.
 27124 | Depths:2 | Received a gift from Trog
 27347 | Depths:2 | Received a gift from Trog
 28036 | Depths:2 | Paralysed by a great orb of eyes for 7 turns
 28613 | Depths:3 | Received a gift from Trog
 28645 | Pan      | Entered Pandemonium
 28756 | Pan      | Noticed a Brimstone Fiend
 28762 | Pan      | Killed a Brimstone Fiend
 29047 | Pan      | Reached XP level 18. HP: 138/178 MP: 14/17
 29087 | Pan      | Reached skill level 20 in Fighting
 29269 | Pan      | Found an exit through the horrors of the Abyss.
 29369 | Pan      | Noticed Qovigg the pandemonium lord
 29371 | Pan      | Noticed an Ice Fiend
 29376 | Pan      | Killed Qovigg the pandemonium lord
 29383 | Pan      | Killed an Ice Fiend
 29517 | Pan      | Gained mutation: You are frail. (-10% HP) [a neqoxec]
 29637 | Pan      | Gained mutation: Scrolls take you longer to read. [a neqoxec]
 30739 | Pan      | Noticed a Tzitzimitl
 30743 | Pan      | Killed a Tzitzimitl
 30841 | Pan      | Received a gift from Trog
 31138 | Pan      | Noticed Igenk the pandemonium lord
 31149 | Pan      | Killed Igenk the pandemonium lord
 31466 | Pan      | Found an exit through the horrors of the Abyss.
 31587 | Pan      | Reached XP level 19. HP: 125/169 MP: 13/18
 32401 | Pan      | Took an exit into the Abyss.
 32401 | Abyss:1  | Escaped into the Abyss
 32644 | Abyss:1  | Gained mutation: You are weak. (Str -2) [a neqoxec]
 32645 | Abyss:1  | Gained mutation: You are very frail. (-20% HP) [a neqoxec]
 32699 | Abyss:2  | Upgraded the game from 0.20-a0-923-g548304e to 0.20-a0-924-gfa95efa
 32815 | Abyss:2  | Received a gift from Trog
 32862 | Abyss:2  | Reached skill level 21 in Fighting
 33044 | Depths:3 | Escaped the Abyss
 34614 | Depths:3 | Noticed the Enchantress
 34882 | Depths:3 | Killed the Enchantress
 35010 | Depths:3 | Noticed Jorgrun
 35034 | Depths:3 | Killed Jorgrun
 35449 | Depths:4 | Noticed a golden dragon
 35465 | Depths:4 | Killed a golden dragon
 35468 | Depths:4 | Reached XP level 20. HP: 111/158 MP: 14/19
 35487 | Depths:4 | Reached skill level 15 in Dodging
 36043 | Depths:4 | Found a gateway to a ziggurat.
 36380 | Depths:4 | Lost mutation: Scrolls take you longer to read. [potion of mutation]
 36380 | Depths:4 | Lost mutation: You are weak. (Str -2) [potion of mutation]
 36380 | Depths:4 | Lost mutation: You are very frail. (-20% HP) [potion of mutation]
 36380 | Depths:4 | Gained mutation: You are agile. (Dex +2) [potion of mutation]
 36380 | Depths:4 | Gained mutation: You have large cloven feet. [potion of mutation]
 36380 | Depths:4 | Gained mutation: Your flesh is almost immune to the effects of heat. (rF+++) [potion of mutation]
 36675 | Depths:4 | Received a gift from Trog
 36763 | Depths:4 | Paralysed by a sphinx for 3 turns
 36901 | Depths:4 | Noticed Frederick
 36902 | Depths:4 | Found a radiant altar of Vehumet.
 36911 | Depths:4 | Killed Frederick
 37265 | Depths:4 | Identified The Arcane Arts, Part Five
 37324 | Depths:4 | Reached skill level 22 in Fighting
 38090 | Depths:5 | Entered Level 5 of the Depths
 38114 | Depths:5 | Paralysed by a vampire knight for 3 turns
 38728 | Depths:5 | Paralysed by a great orb of eyes for 2 turns
 39014 | Depths:5 | Noticed a bone dragon
 39038 | Depths:5 | Killed a bone dragon
 39103 | Depths:5 | Found a gate to the Realm of Zot.
 39709 | Spider:1 | Entered Level 1 of the Spider Nest
 40010 | Spider:1 | Received a gift from Trog
 40056 | Spider:1 | Reached XP level 21. HP: 188/188 MP: 20/20
 40114 | Spider:1 | Noticed Felix's ghost (adept CeHu)
 40130 | Spider:1 | Killed Felix's ghost
 41044 | Spider:3 | Received a gift from Trog
 41542 | Spider:4 | Entered Level 4 of the Spider Nest
 41989 | Spider:4 | Reached skill level 23 in Fighting
 42338 | Spider:4 | Got a gossamer rune of Zot
 43098 | Spider:4 | Lost mutation: You can translocate small distances at will. [potion of mutation]
 43098 | Spider:4 | Lost mutation: You are frail. (-10% HP) [potion of mutation]
 43098 | Spider:4 | Lost mutation: Scrolls take you a little longer to read. [potion of mutation]
 43098 | Spider:4 | Lost mutation: Your flesh is almost immune to the effects of heat. (rF+++) [potion of mutation]
 43098 | Spider:4 | Lost mutation: You have large cloven feet. [potion of mutation]
 43098 | Spider:4 | Lost mutation: Your flesh is very heat resistant. (rF++) [potion of mutation]
 43098 | Spider:4 | Gained mutation: Your body sometimes deteriorates upon taking damage. [potion of mutation]
 43098 | Spider:4 | Gained mutation: You have a pair of large horns on your head. [potion of mutation]
 43099 | Spider:4 | Lost mutation: Your body sometimes deteriorates upon taking damage. [potion of mutation]
 43099 | Spider:4 | Lost mutation: You are agile. (Dex +2) [potion of mutation]
 43099 | Spider:4 | Lost mutation: You have a pair of large horns on your head. [potion of mutation]
 43099 | Spider:4 | Gained mutation: Scrolls take you a little longer to read. [potion of mutation]
 43099 | Spider:4 | Gained mutation: You are partially covered in slimy green scales. (AC +2) [potion of mutation]
 43099 | Spider:4 | Gained mutation: You are partially covered in thin metallic scales. (AC +2) [potion of mutation]
 43099 | Spider:4 | Gained mutation: You are mostly covered in slimy green scales. (AC +3) [potion of mutation]
 43315 | Slime:1  | Gained mutation: Armour fits poorly on your strangely shaped body. [a shining eye]
 43667 | Slime:3  | Received a gift from Trog
 43668 | Slime:3  | Gained mutation: You tend to lose your temper in combat. [a shining eye]
 43679 | Slime:3  | Gained mutation: You have a pair of large horns on your head. [a shining eye]
 44438 | Slime:4  | Gained mutation: Scrolls take you longer to read. [a shining eye]
 44438 | Slime:4  | Gained mutation: You are occasionally teleported next to monsters. [a shining eye]
 44439 | Slime:4  | Gained mutation: You are sometimes teleported next to monsters. [a shining eye]
 44443 | Slime:4  | Gained mutation: You are clumsy. (Dex -2) [a shining eye]
 44444 | Slime:4  | Lost mutation: You are clumsy. (Dex -2) [a shining eye]
 44446 | Slime:4  | Gained mutation: You are often teleported next to monsters. [a shining eye]
 44450 | Slime:4  | Gained mutation: You are weak. (Str -2) [a shining eye]
 44452 | Slime:4  | Gained mutation: You expend magic power (3 MP) to strengthen your wands. [a shining eye]
 44933 | Slime:4  | Lost mutation: You have a pair of large horns on your head. [potion of mutation]
 44933 | Slime:4  | Lost mutation: You expend magic power (3 MP) to strengthen your wands. [potion of mutation]
 44933 | Slime:4  | Lost mutation: You tend to lose your temper in combat. [potion of mutation]
 44933 | Slime:4  | Lost mutation: You are mostly covered in slimy green scales. (AC +3) [potion of mutation]
 44933 | Slime:4  | Gained mutation: Your flesh is very heat resistant. (rF++) [potion of mutation]
 45046 | Slime:5  | Entered Level 5 of the Pits of Slime
 45062 | Slime:5  | Received a gift from Trog
 45066 | Slime:5  | Reached XP level 22. HP: 145/219 MP: 12/21
 45069 | Slime:5  | Noticed the Royal Jelly
 45078 | Slime:5  | Killed the Royal Jelly
 45102 | Slime:5  | HP: 4/218 [death ooze[the Royal Jelly] (12)]
 45103 | Slime:5  | Slain by a death ooze

Vault maps used:
D:1:      evilmike_arrival_sounds_zot
D:2:      bh_walls_and_bars
D:3:      kennysheep_six_static_rooms
D:4:      minmay_temple_entry_enclosed_plants, first_bread, serial_shops,
          nicolae_shop_overgrown_old_shop, roderic_nine_men_s_morris,
          kennysheep_pointless_box, dk_rats_in_the_wall
D:6:      basic_altar, uniq_eustachio
D:8:      uniq_erica
D:9:      yredelemnul_altar_generic, erik_orc_1
D:10:     fedhas_altar_3, uniq_grum, uniq_psyche, uniq_fannar
D:11:     due_lair_maze_entry_diamond, hangedman_stone_soup, uniq_erolcha,
          uniq_harold
D:12:     serial_shops, nicolae_shop_temple_entry_statues_fountains,
          hangedman_glass_teeth, xom_redecorated, uniq_azrael, uniq_sonja,
          uniq_nessos
D:14:     hangedman_vaults_entry_quadrant_bands, hangedman_decor_lopped
D:15:     gammafunk_depths_entry_grave, serial_shops, nicolae_shop_stone
Lair:1:   infiniplex_staircase_pool_2, uniq_nergalle
Lair:2:   lemuel_ratsnest, elwin_shoals_entry_rooms, serial_forest,
          infiniplex_forest_end_2, infiniplex_forest_straight_2,
          infiniplex_forest_lined_room_2, infiniplex_forest_lined_corner,
          infiniplex_forest_end_3, infiniplex_forest_clump_diagonal,
          infiniplex_forest_lined_room_2
Lair:3:   spider_nest_entry_rubble, st_stairs_5
Lair:4:   wad_woods_antlair, infiniplex_staircase_pool, uniq_kirke
Lair:5:   mu_elephants_graveyard, beast_lair_carwin_3
Lair:6:   minmay_lair_end_frog_pond, dpeg_slime_entry_corner, minivault_25
Spider:1: worms_lemuel
Spider:2: hangedman_spider_tarantella_strand
Spider:4: guppyfry_spider_rune, spider_trap
Slime:1:  cheibrodos_slime_lost_civilization_7
Orc:2:    st_orc_elflike
Elf:1:    eino_elf_arrival_customs, minmay_elf_demonology,
          lemuel_flamethrower_2, uniq_frances
Elf:2:    serial_shops, shop, basic_altar, minivault_8
Depths:1: serial_shops, bzr_entry_islet, abyss_entry, roderic_malta_cross,
          pan_entry, hell_entry, serial_sigils_hangedman_gut
Depths:2: minmay_textured_paths, nicolae_wwwww, hell_entry
Depths:3: grunt_forest_end_winery, pan_entry, serial_bayou_pond_e,
          grunt_hell_entry_dis_old, hex_tiny, nicolae_two_hexagons, uniq_jorgrun
Depths:4: evilmike_halls_of_destruction, enter_ziggurat_c,
          hangedman_coc_ice_floe, abyss_entry_small_statue_room,
          corexii_leaking_fountain, infiniplex_staircase_door_maze
Depths:5: evilmike_zot_entry_hall, abyss_entry, pf_hell_entry_tar_river,
          moated_statue
Abyss:1:  minivault_28
Pan:      evilmike_mini_pan_doors_b, pan_blood_fountain_small,
          evilmike_mini_pan_V, pan_blood_fountain_small, nicolae_pan_mnolegish_2
Bazaar:   bazaar_kb_twisted_cavern

Skill      XL: |  1  2  3  4  5  6  7  8  9 10 11 12 13 14 15 16 17 18 19 20 21 |
---------------+----------------------------------------------------------------+-----
Fighting       | 4 5 6 7 9 10 12 13 14 16 17 18 19 20 21 22 23 | 23.5
Long Blades    | 4 5 6 7 9 11 12 14 15 16 17 18 19 20 | 20.2
Armour         | 3 4 5 7 8 10 11 12 13 14 15 16 17 18 20 21 | 21.6
Dodging        | 3 5 8 10 12 13 14 15 17 | 17.1
Shields        | 1 3 5 7 10 12 13 14 15 16 17 18 | 18.2
Crossbows      | 2 3 |  3.4

Action                   |  1- 3 |  4- 6 |  7- 9 | 10-12 | 13-15 | 16-18 | 19-21 | 22-24 || total
-------------------------+-------+-------+-------+-------+-------+-------+-------+-------++-------
Melee: Falchion          |    61 |    42 |       |       |       |       |       |       ||   103
       Headbutt          |     5 |    19 |    51 |   179 |   359 |   374 |   522 |    21 ||  1530
       Long sword        |       |   112 |   106 |       |       |       |       |       ||   218
       Scimitar          |       |       |   200 |   634 |   610 |       |       |       ||  1444
       Demon blade       |       |       |       |       |   429 |       |       |       ||   429
       Double sword      |       |       |       |       |    52 |   949 |  1224 |    26 ||  2251
       Triple sword      |       |       |       |       |       |       |    45 |       ||    45
 Fire: Hand crossbow     |       |       |       |       |       |     1 |       |       ||     1
Throw: Throwing net      |       |       |     2 |       |       |     4 |       |       ||     6
       Javelin           |       |       |       |       |    14 |     4 |    19 |       ||    37
Invok: Berserk           |       |     1 |     4 |     2 |     6 |     5 |     3 |     1 ||    22
       Brothers in Arms  |       |       |       |     5 |     7 |    11 |    22 |     1 ||    46
       Burn Spellbooks   |       |       |       |     1 |     1 |     1 |     5 |       ||     8
       Trog's Hand       |       |       |       |     3 |     3 |     5 |    12 |     1 ||    24
 Abil: Evoke Blink       |       |       |       |       |     1 |       |       |       ||     1
       Blink             |       |       |       |       |       |     1 |     3 |       ||     4
Evoke: Sack of spiders   |       |       |       |       |       |       |     1 |       ||     1
  Use: Scroll            |     2 |     5 |     7 |    14 |     9 |    10 |     9 |       ||    56
       Potion            |       |       |       |    11 |     4 |     6 |    14 |     1 ||    36
 Stab: Distracted        |       |       |       |       |       |     3 |     1 |       ||     4
       Petrified         |       |       |       |       |       |       |     6 |       ||     6
       Held in net/web   |       |       |       |       |       |       |     1 |       ||     1
  Eat: Chunk             |       |     6 |     7 |     2 |     1 |     1 |     7 |       ||    24
       Bread ration      |       |     1 |     1 |     3 |     5 |     3 |     1 |       ||    14
       Royal jelly       |       |       |     1 |     2 |     1 |     1 |     3 |       ||     8
       Meat ration       |       |       |     1 |     2 |     3 |     5 |     8 |       ||    19
       Fruit             |       |       |       |       |       |       |     6 |       ||     6
Armor: Animal skin       |    23 |    13 |       |       |       |       |       |       ||    36
       Chain mail        |       |    69 |    65 |   112 |   342 |   116 |       |       ||   704
       Scale mail        |       |       |    80 |   110 |       |       |       |       ||   190
       Ice dragon scales |       |       |       |       |       |   129 |   342 |    43 ||   514
Dodge: Dodged            |    35 |    74 |    89 |   170 |   285 |   610 |   982 |    91 ||  2336
Block: Buckler           |       |       |     8 |       |       |       |       |       ||     8
       Large shield      |       |       |    98 |   494 |   940 |    89 |       |       ||  1621
       Shield            |       |       |       |       |       |   664 |   966 |    76 ||  1706
       Rpst.: Falchion   |     5 |     3 |       |       |       |       |       |       ||     8
       Long sword        |       |    11 |    13 |       |       |       |       |       ||    24
       Scimitar          |       |       |    14 |    43 |    43 |       |       |       ||   100
       Demon blade       |       |       |       |       |    28 |       |       |       ||    28
       Double sword      |       |       |       |       |     1 |   106 |   136 |    15 ||   258
       Triple sword      |       |       |       |       |       |       |    13 |       ||    13
